[Event "NY Presidents Day Schiller-C 2024"]
[Site "New York"]
[Date "2024.02.18"]
[Round "5.1"]
[White "Czebe, Attila"]
[Black "Pagan, Jonathan"]
[Result "1/2-1/2"]
[ECO "E05"]
[WhiteElo "2346"]
[BlackElo "2018"]
[Annotator "TA"]
[PlyCount "138"]
[EventDate "2024.02.14"]
[EventType "schev"]
[EventCountry "USA"]
[SourceTitle "playchess.com"]
[Source "ChessBase"]
[SourceQuality "1"]
[TimeControl "5400+30"]

1. c4 e6 2. Nf3 d5 3. g3 Nf6 4. Bg2 Be7 5. O-O O-O 6. d4 dxc4 7. Na3 Bxa3 8. bxa3 Bd7 9. Ne5 {[%emt 0:00:48] 9.a4 is the hot move.} Bc6 10. Nxc6 Nxc6 11. Bb2 {[%emt 0:10:22] E05: Open Catalan: 5 Nf3 Be7.} Nd5 12. a4 Qd6 13. Qc1 Rfd8 14. Qxc4 Nb6 15. Qc2 Nxd4 16. Bxd4 Qxd4 17. Bxb7 Rab8 18. Bc6 a5 $146 (18... Nd5 $11 {might be stronger.}) ({Predecessor:} 18... Nc4 19. Bb5 Na3 20. Qxc7 Nxb5 21. axb5 Rxb5 22. a4 Rbd5 23. e3 Qc5 24. Rac1 Qxc7 25. Rxc7 {½-½ Le,Q (2728)-Erigaisi,A (2725) Julius Baer GenCup KO rapid 2022 (2.11)}) 19. e3 $14 Qe5 20. Rac1 g6 21. Qc5 Qxc5 22. Rxc5 Rd2 23. a3 Nd5 24. Rxa5 Rb3 25. Ra8+ Kg7 26. Rd8 {[%emt 0:02:34] aiming for e4.} Ra2 (26... Rc3 $11) 27. Bxd5 exd5 28. Rxd5 Rbxa3 {[%emt 0:00:17][%mdl 4096] Endgame. KRR-KRR} 29. Rc1 {[%emt 0:00:28] Prevents Rc2.} Ra1 30. Rdd1 Rxc1 31. Rxc1 Rxa4 32. Rxc7 {[%emt 0:00:02] KR-KR} h5 33. h4 Kf6 34. Kg2 Ke6 35. Rc6+ Ke7 36. f4 (36. Kf3 $16) 36... Ra5 (36... Ra2+ $1 $11 {feels stronger.} 37. Kf3 Ra5) 37. Kf3 Rb5 38. Ra6 Rc5 39. e4 Rc3+ 40. Kg2 Rc2+ 41. Kh3 Rc4 42. e5 Rc2 43. Ra3 Rc1 44. Kg2 Rc2+ 45. Kf3 Rc1 46. Rd3 Re1 47. Kf2 Ra1 48. Ke3 Ra4 49. Rb3 Ra1 50. Ke4 Re1+ 51. Kd4 Ra1 52. Rc3 Rd1+ 53. Ke4 Re1+ 54. Re3 Ra1 55. Kf3 Rb1 56. Rd3 Ra1 57. Rd2 Ra3+ 58. Kg2 Ra1 59. Rb2 Rc1 60. Rb7+ Ke6 61. Rb6+ Ke7 62. f5 Rc5 $2 (62... Rc2+ $11 63. Kf3 gxf5) 63. f6+ $2 ({Weaker is} 63. Rb7+ Ke8 $11) (63. fxg6 $18 {And now Rb7+ would win.} fxg6 64. Rxg6 Rxe5 65. Kf3 Rf5+ 66. Ke4) 63... Ke8 $11 64. Rb8+ Kd7 65. Rb7+ Ke6 66. Re7+ Kf5 67. Rxf7 {[%emt 0:00:02] Black must now prevent Re7.} Rxe5 68. Rf8 Re6 69. f7 {[%emt 0:00:09] White wants to mate with Rg8.} Kf6 1/2-1/2

[Event "NY Presidents Day Schiller-C 2024"]
[Site "New York"]
[Date "2024.02.18"]
[Round "5.2"]
[White "Quesada Vera, Liordis"]
[Black "Ho, Carter"]
[Result "1-0"]
[ECO "A11"]
[WhiteElo "2337"]
[BlackElo "2180"]
[Annotator "TA"]
[PlyCount "99"]
[EventDate "2024.02.14"]
[EventType "schev"]
[EventCountry "USA"]
[SourceTitle "playchess.com"]
[Source "ChessBase"]
[SourceQuality "1"]
[TimeControl "5400+30"]

1. Nf3 d5 2. g3 Nf6 3. Bg2 g6 4. b3 Bg7 5. Bb2 O-O 6. c4 c6 7. O-O Bg4 8. Qc2 Nbd7 9. Rc1 Rc8 10. d3 {[%emt 0:00:20] Die Stellung ist ausgeglichen.} Re8 11. h3 Bxf3 12. Bxf3 e5 13. Nd2 (13. cxd5 $11 Nxd5 14. Qd1) 13... h5 ({Vorzuziehen ist} 13... e4 $1 $15 14. Bg2 (14. dxe4 dxe4 15. Bg2 e3 $17) 14... e3 15. fxe3 Rxe3) 14. cxd5 $11 cxd5 15. Qxc8 Qxc8 16. Rxc8 Rxc8 17. Rc1 {[%emt 0:00:05] Verhindert Rc2} Rxc1+ 18. Bxc1 Bh6 19. e3 Nc5 20. Be2 d4 21. Nc4 Ncd7 22. Bf3 b5 23. Nd6 a6 24. Kf1 Bf8 25. Nb7 Nc5 26. Nxc5 Bxc5 $16 {[%emt 0:00:03][%mdl 4096] Endspiel. KBB-KBN} 27. Bd2 (27. exd4 $14 Bxd4 28. Bd2) 27... dxe3 $11 28. fxe3 e4 29. dxe4 $16 Bd6 30. Kf2 Be5 31. Bb4 g5 32. g4 hxg4 33. hxg4 Nd7 34. Be2 {[%emt 0:00:28] Jetzt gehts bergab für Schwarz.} Nb8 (34... Nf6 $14) 35. a4 Nc6 36. Bc5 Na5 (36... bxa4 {war angesagt.} 37. bxa4 Nb8) 37. axb5 $18 axb5 38. b4 (38. Bxb5 $6 Nxb3 39. Be7 Kg7 $16) 38... Nb7 {[%emt 0:00:07] [#]} (38... Nb3 {war nötig.} 39. Be7 (39. Bxb5 Nxc5 40. bxc5 Bb2 $16) 39... f6 40. Bxb5 Kf7) 39. Bd4 $1 ({Lieber nicht} 39. Bxb5 Nxc5 40. bxc5 f6 $11) 39... f6 40. Bxb5 ({Weniger gut wäre} 40. Bxe5 fxe5 41. Bxb5 Nd6 $18) 40... Nd6 41. Bc6 Kf7 42. b5 Bxd4 (42... Ke7 $142 43. Ke2 Bh2) 43. exd4 {[%emt 0:00:00] KB-KN} Nc8 44. Ke3 (44. Ke2 $142 Ke7 45. Kd3 Ke6 46. Kc3 Nb6 47. Kb4 Kd6 48. Ka5 Kc7 49. Bd5) 44... Ke6 45. Kd3 (45. Kd2 $142 Kd6 46. Kc3) 45... Kd6 46. Kc4 {[%emt 0:00:00] Weiß setzt Matt.} Ne7 {[%emt 0:00:29] [#]} 47. e5+ $1 fxe5 48. dxe5+ Kxe5 49. Kc5 Kf4 50. b6 {[%emt 0:00:00] Gewichteter Fehlerwert: Weiß=0.12 (sehr präzise) /Schwarz=0.40.  Fehler:       	Weiß=2     	Schwarz=6     Ungenau:       	Weiß=5     	Schwarz=4     OK:         	Weiß=14    	Schwarz=12    Bester:       	Weiß=3     	Schwarz=1     Stark:        	Weiß=1     	---} 1-0

[Event "NY Presidents Day Schiller-C 2024"]
[Site "New York"]
[Date "2024.02.18"]
[Round "5.3"]
[White "Perez Avendano, Paul Omar"]
[Black "Tang, Benjamin"]
[Result "0-1"]
[ECO "E66"]
[WhiteElo "2213"]
[BlackElo "2167"]
[Annotator "RC"]
[PlyCount "80"]
[EventDate "2024.02.14"]
[EventType "schev"]
[EventCountry "USA"]
[SourceTitle "playchess.com"]
[Source "ChessBase"]
[SourceQuality "1"]
[TimeControl "5400+30"]

1. d4 Nf6 2. c4 g6 3. Nf3 Bg7 4. g3 d6 5. Bg2 O-O 6. Nc3 c5 7. O-O Nc6 8. d5 Na5 9. Qd3 a6 10. e4 Rb8 11. h3 Nd7 12. a4 Qb6 13. Bg5 h6 14. Bd2 Qb4 15. b3 Nxb3 16. Rab1 Nxd2 17. Rxb4 Nxf3+ 18. Qxf3 cxb4 19. Na2 a5 20. Nc1 b6 21. Nb3 Ba6 22. Rc1 Rfc8 23. Bf1 Bc3 24. Rxc3 bxc3 25. Qxc3 Ne5 26. Nd2 Rc5 27. Nb3 Rcc8 28. Nd2 Rc7 29. Qd4 Bxc4 30. f4 Bxf1 31. fxe5 Bxh3 32. exd6 exd6 33. e5 Rbc8 34. exd6 Rc1+ 35. Kf2 R8c2 36. g4 Rd1 37. Qe5 Rcxd2+ 38. Kg3 Rxd5 39. Qe8+ Kg7 40. Kxh3 Rxd6 0-1

[Event "NY Presidents Day Schiller-C 2024"]
[Site "New York"]
[Date "2024.02.18"]
[Round "5.4"]
[White "Meduri, Aakaash"]
[Black "Andrianov, Nikolai"]
[Result "1/2-1/2"]
[ECO "E17"]
[WhiteElo "1956"]
[BlackElo "2266"]
[Annotator "TA"]
[PlyCount "30"]
[EventDate "2024.02.14"]
[EventType "schev"]
[EventCountry "USA"]
[SourceTitle "playchess.com"]
[Source "ChessBase"]
[SourceQuality "1"]
[TimeControl "5400+30"]

1. Nf3 Nf6 2. c4 c5 3. g3 b6 4. Bg2 Bb7 5. O-O e6 6. b3 Be7 7. Bb2 O-O 8. Nc3 d5 9. cxd5 Nxd5 10. d4 Nxc3 11. Bxc3 {[%emt 0:00:14] Die Stellung ist ausgeglichen.} cxd4 12. Qxd4 Qxd4 13. Nxd4 Bxg2 14. Kxg2 Rc8 15. Rac1 Nc6 {[%emt 0:00:13] Hier war wenig los.   OK:         	Weiß=1     	Schwarz=2} 1/2-1/2

[Event "NY Presidents Day Schiller-C 2024"]
[Site "New York"]
[Date "2024.02.18"]
[Round "5.5"]
[White "Yoo, Eugene"]
[Black "Plat, Vojtech"]
[Result "0-1"]
[ECO "E68"]
[WhiteElo "2168"]
[BlackElo "2516"]
[Annotator "TA"]
[PlyCount "94"]
[EventDate "2024.02.14"]
[EventType "schev"]
[EventCountry "USA"]
[SourceTitle "playchess.com"]
[Source "ChessBase"]
[SourceQuality "1"]
[TimeControl "5400+30"]

1. c4 e5 2. Nc3 Nf6 3. Nf3 d6 4. d4 exd4 5. Nxd4 g6 6. g3 Bg7 7. Bg2 O-O 8. O-O a5 9. h3 Nbd7 10. e4 Nc5 11. Re1 a4 12. Rb1 Nfd7 (12... Re8 $5) 13. f4 Re8 14. Be3 c6 15. b4 axb3 16. axb3 Ra3 17. Qc2 f5 18. Bf2 (18. exf5 $2 Rxe3 19. Ne6 Rxc3 $19) 18... fxe4 19. Nxe4 Nxe4 20. Bxe4 Nc5 21. g4 $1 (21. Bg2 $2 Bxd4 22. Rxe8+ (22. Bxd4 $2 Bf5 $19) 22... Qxe8 $17) 21... Rf8 22. Ne2 Nxe4 23. Qxe4 Ra2 (23... Qf6 $15 {is more appropriate.}) 24. Nc1 $2 (24. Rbd1 $11) 24... d5 $2 (24... Rxf2 $1 $19 {has better winning chances.} 25. Kxf2 Qh4+ 26. Kg2 Bxg4 (26... Rxf4 27. Qxf4 Qxe1 28. Qf3 $17) 27. hxg4 Qxg4+ 28. Kh2 Rf5 (28... Qh4+ $2 29. Kg2 $19) 29. Qe6+ Kh8 30. Qxf5 (30. Qxd6 $2 Rh5#) (30. Qe8+ $2 Bf8 $19) 30... Qxf5 31. Re8+ Bf8) 25. cxd5 (25. Qe3 $17 Rc2 26. Ne2) 25... cxd5 $2 (25... Rxf2 $1 $19 26. Kxf2 Qh4+ 27. Ke2 (27. Kg2 Bxg4 28. Ne2 Qxh3+ 29. Kg1 Kh8 $19) 27... Qxh3) 26. Qe7 $2 (26. Qf3 $1 $11 {and White is okay.} Rd2 27. Ne2) 26... Qxe7 $1 $19 27. Rxe7 Rd2 28. Bc5 b6 (28... Rxf4 29. Re8+ Kf7 30. Rxc8 $11) (28... h5 $19 29. Re1 hxg4 (29... Rxf4 30. Re8+ Kh7 31. Rxc8 $15)) 29. Bxb6 (29. Rxg7+ $17 {was called for.} Kxg7 30. Bxf8+ Kxf8 31. Ra1) 29... Ba6 (29... Rxf4 30. Ne2 Rf8 31. Bc5) (29... Rd1+ $19 30. Kf2 Rxf4+ 31. Ke2 Rh1 32. Re8+ Rf8 33. Rxf8+ Kxf8 (33... Bxf8 $2 34. Kf2 $19)) 30. b4 $2 (30. Re1 $17 {only move.}) 30... Rd1+ $1 $19 (30... Rxf4 31. b5 Rd1+ 32. Kg2 Bxb5 33. Rxb5 $11) 31. Kh2 Bc4 (31... Rxf4 32. b5 Bf6 33. Re8+ Kf7 34. bxa6 $17) 32. Bc5 Ra8 $2 (32... Rxf4 33. Re8+ Kf7 34. Re7+ Kg8 35. Re8+ Kf7 36. Re7+ Kg8 $11) (32... Ba2 33. Rxg7+ Kxg7 34. Bxf8+ (34. Nxa2 $2 Rxb1 35. Bxf8+ Kxf8 $19) 34... Kxf8 35. Rb2 Rxc1 36. Rxa2 $11) (32... Rc8 $19 {and Black stays clearly on top. Strongly threatening ...d4.} 33. Bf2 Bb5 (33... Ba2 $2 34. Rxg7+ Kxg7 35. Rb2 $19)) 33. Kg3 $2 (33. b5 $17 {was the only defense.} Ba2 34. Rxg7+ Kxg7 35. Ra1) 33... Ra3+ $2 (33... Ba2 34. Rxg7+ Kxg7 35. Ra1 Ra3+ 36. Kh4 $19) (33... Bf6 $19 34. Re6 Ra3+ 35. Rb3 Bxb3) 34. Kf2 $2 {[%emt 0:00:14][%mdl 8192] [#]} (34. Rb3 $11 Bxb3 35. Re8+ Bf8 (35... Kf7 36. Re7+ Kg8 37. Re8+ $11) 36. Rxf8+ (36. b5 Ra5 $11) 36... Kg7 37. b5) 34... Bf6 $1 $19 (34... Rxh3 35. Re8+ Kf7 36. Re7+ Kf6 (36... Kg8 37. Re8+ Kf7 38. Re7+ Kf6 39. Kg2 $17) 37. Kg2 (37. g5+ $2 Kf5 $19) 37... Bf1+ 38. Kf2 $17) 35. Re8+ {[%emt 0:00:01] [#]} Kf7 $1 36. Rf8+ Kg7 37. b5 Bh4+ 38. Kg2 Bf1+ 39. Kg1 Rg3+ 40. Kh2 Rd2+ 41. Kh1 Bg2+ 42. Kg1 Bxh3+ 43. Kh1 Bg2+ 44. Kg1 Be4+ 45. Kf1 Rf3+ 46. Kg1 Rd1+ 47. Kh2 Rh3+ 0-1

[Event "NY Presidents Day Schiller-C 2024"]
[Site "New York"]
[Date "2024.02.18"]
[Round "5.6"]
[White "Liu, Kelsey"]
[Black "Martin Del Campo Cardenas, Roberto Abel"]
[Result "0-1"]
[ECO "B50"]
[WhiteElo "2004"]
[BlackElo "2205"]
[Annotator "RC"]
[PlyCount "46"]
[EventDate "2024.02.14"]
[EventType "schev"]
[EventCountry "USA"]
[SourceTitle "playchess.com"]
[Source "ChessBase"]
[SourceQuality "1"]
[TimeControl "5400+30"]

1. e4 c5 2. Nf3 d6 3. c3 Nf6 4. h3 Nc6 5. Bd3 e5 6. Bc2 d5 7. exd5 Qxd5 8. d3 Bf5 9. Nh4 Be6 10. O-O O-O-O 11. Nd2 g5 12. Nhf3 g4 13. hxg4 Bxg4 14. Qe2 Rg8 15. Re1 e4 16. dxe4 Qh5 17. Bd1 Ne5 18. Qe3 Rd3 19. Qf4 Bxf3 20. Qf5+ Qxf5 21. exf5 Bxg2 22. Rxe5 Rh3 23. Bg4 Rxg4 0-1

[Event "NY Presidents Day Schiller-C 2024"]
[Site "New York"]
[Date "2024.02.18"]
[Round "5.7"]
[White "Gaw, Chloe"]
[Black "Podavonov, Alisher"]
[Result "1-0"]
[ECO "D35"]
[WhiteElo "1928"]
[BlackElo "2175"]
[Annotator "RC"]
[PlyCount "87"]
[EventDate "2024.02.14"]
[EventType "schev"]
[EventCountry "USA"]
[SourceTitle "playchess.com"]
[Source "ChessBase"]
[SourceQuality "1"]
[TimeControl "5400+30"]

1. d4 d5 2. c4 e6 3. Nc3 Be7 4. cxd5 exd5 5. Bf4 c6 6. e3 Nf6 7. Bd3 Nbd7 8. Nge2 Nf8 9. Qc2 Ne6 10. Bg3 O-O 11. O-O Re8 12. Kh1 g6 13. f3 c5 14. dxc5 Bxc5 15. Bf2 a6 16. Rad1 b5 17. Bh4 g5 18. Bf2 Bb7 19. e4 Bxf2 20. Rxf2 Qb6 21. Rff1 Rac8 22. e5 Nd7 23. Bxh7+ Kg7 24. f4 b4 25. f5 bxc3 26. fxe6 Qxe6 27. Nd4 Qxe5 28. Bf5 Rc7 29. Qc1 Kh6 30. bxc3 Nf6 31. Rde1 Ne4 32. Bxe4 dxe4 33. Rf5 Qe7 34. Qe3 Bc8 35. Ref1 Kg6 36. R5f2 Qe5 37. Kg1 Rf8 38. Nf3 Qe7 39. Nxg5 f5 40. Nxe4 Re8 41. Qg3+ Kf7 42. Nd6+ Kf8 43. Nxf5 Qe5 44. Ne7+ 1-0

[Event "NY Presidents Day Schiller-C 2024"]
[Site "New York"]
[Date "2024.02.18"]
[Round "5.8"]
[White "Lapshun, Yury"]
[Black "Mou, Iris"]
[Result "0-1"]
[ECO "A46"]
[WhiteElo "2337"]
[BlackElo "2128"]
[Annotator "RC"]
[PlyCount "104"]
[EventDate "2024.02.14"]
[EventType "schev"]
[EventCountry "USA"]
[SourceTitle "playchess.com"]
[Source "ChessBase"]
[SourceQuality "1"]
[TimeControl "5400+30"]

1. d4 Nf6 2. Nf3 e6 3. Bg5 h6 4. Bxf6 Qxf6 5. e4 d6 6. Nc3 g6 7. Bc4 Bg7 8. e5 Qe7 9. Qe2 d5 10. Bd3 c5 11. dxc5 Qxc5 12. Nb5 O-O 13. O-O a6 14. Nbd4 Nd7 15. c3 b5 16. a4 bxa4 17. Rxa4 Qc7 18. Re1 Nc5 19. Ra3 Nxd3 20. Qxd3 Bb7 21. h4 Rfc8 22. Ra4 Qd7 23. Ra2 Rc4 24. Qe3 Qe7 25. Rea1 Rb8 26. Ra3 Bc8 27. Qe2 Qc7 28. R3a2 Rc5 29. Ra4 Rb6 30. Re1 Qb8 31. Ra2 a5 32. Qd2 Ba6 33. b3 Qc7 34. Re3 Bc8 35. Qe1 Bd7 36. Qa1 Rb8 37. Rc2 h5 38. Qe1 a4 39. bxa4 Rc4 40. Ra2 Rxa4 41. Rxa4 Bxa4 42. Qa1 Bb3 43. Nd2 Bc4 44. f4 Bh6 45. Rf3 Bf8 46. Kh2 Qd8 47. g3 Ra8 48. Qb1 Ra2 49. Qe1 Qb6 50. Kh3 Qb2 51. Rf2 Qxc3 52. N4f3 Ra1 0-1

[Event "NY Presidents Day Schiller-C 2024"]
[Site "New York"]
[Date "2024.02.18"]
[Round "5.9"]
[White "Campos Jimenez, Augusto Cesar"]
[Black "Shangin, Lev"]
[Result "1-0"]
[ECO "B43"]
[WhiteElo "2288"]
[BlackElo "1866"]
[Annotator "TA"]
[PlyCount "57"]
[EventDate "2024.02.14"]
[EventType "schev"]
[EventCountry "USA"]
[SourceTitle "playchess.com"]
[Source "ChessBase"]
[SourceQuality "1"]
[TimeControl "5400+30"]

1. e4 c5 2. Nf3 e6 3. Nc3 a6 4. g3 b5 5. d4 cxd4 6. Nxd4 Bb7 7. Bg2 Nf6 8. O-O b4 $1 9. Nd5 exd5 10. exd5 {[%emt 0:01:10] [#] And now Re1+ would win.} Bc5 $1 {[%emt 0:03:42][%cal Oe8g8] aiming for ...0-0!} 11. Re1+ {[%emt 0:00:40] Black is slightly better.} Kf8 12. Nf5 (12. Nb3 $15 Bb6 13. a4) 12... d6 $17 13. Bf4 Bc8 14. Ne7 (14. Nd4 $17) 14... Ra7 $19 15. Nxc8 (15. Nc6 Nxc6 16. dxc6 Ng4 $19) 15... Qxc8 16. Qd2 h6 17. a3 bxa3 (17... Rb7 $19 {and life is good for Black. ...bxa3 would now be deadly.} 18. axb4 Rxb4 (18... Bxb4 19. c3 $17)) 18. b4 $18 Bb6 19. Bxd6+ ({Stronger than} 19. Rxa3 Qd8 20. h4 Ng4 $15) 19... Kg8 {[%emt 0:00:06] [#]} 20. c4 $1 Kh7 21. c5 (21. Rxa3 Qxc4 22. Rc3 Qg4 $11 (22... Qd4 $2 23. Qc2+ g6 24. Rc4 $18)) 21... Bd8 (21... Bc7 {might work better.}) 22. Rxa3 Re8 23. Rae3 (23. Qd3+ Kg8 24. Raa1 Be7 $18) 23... Rxe3 24. Qxe3 {[%emt 0:00:02] Hoping for c6.} Rb7 (24... Nbd7 {was called for.} 25. Bh3 Qa8) 25. c6 {[%emt 0:01:33] White is clearly winning.} Rb5 26. Bc5 {[%emt 0:00:10] Against Bb6. A strong pair of Bishops.} Kg8 27. Bf1 Rxc5 28. Qxc5 Qc7 29. Bg2 {[%emt 0:01:07] Weighted Error Value: White=0.20 (precise) /Black=0.54.  Missed win:     	---       	Black=1      Mistake:       	White=2     	Black=2      Inaccurate:     	---       	Black=1      OK:         	White=8     	Black=5      Best:        	White=1     	Black=4      Strong:       	White=1     	Black=1} 1-0

[Event "NY Presidents Day Schiller-C 2024"]
[Site "New York"]
[Date "2024.02.18"]
[Round "6.1"]
[White "Ho, Carter"]
[Black "Czebe, Attila"]
[Result "0-1"]
[ECO "B06"]
[WhiteElo "2180"]
[BlackElo "2346"]
[Annotator "RC"]
[PlyCount "94"]
[EventDate "2024.02.14"]
[EventType "schev"]
[EventCountry "USA"]
[SourceTitle "playchess.com"]
[Source "ChessBase"]
[SourceQuality "1"]
[TimeControl "5400+30"]

1. e4 g6 2. d4 Bg7 3. Nc3 Nc6 4. d5 Nb8 5. Be3 d6 6. Qd2 c6 7. O-O-O Nd7 8. Nf3 a6 9. Bd4 Ngf6 10. Be3 cxd5 11. exd5 b5 12. a3 Bb7 13. Bh6 Bxh6 14. Qxh6 Qb6 15. Ng5 Qxf2 16. Nge4 Ng4 17. Qg5 Qf5 18. Qd2 Ndf6 19. Bd3 Nxe4 20. Nxe4 Qxd5 21. Rde1 Ne5 22. Kb1 Qc6 23. Qh6 O-O-O 24. Nc3 f6 25. Qg7 Qd7 26. Be4 d5 27. Rd1 Rhg8 28. Qh6 Qe6 29. Bf3 g5 30. Rhe1 Qf7 31. Ne2 g4 32. Nd4 gxf3 33. gxf3 Kb8 34. f4 Nc6 35. Ne6 Rd6 36. Nc5 Bc8 37. a4 Ka7 38. axb5 axb5 39. f5 Kb6 40. Nb3 Bxf5 41. Qe3+ Kc7 42. Qc5 e5 43. Na5 Ra8 44. b4 d4 45. Kb2 Ra6 46. c4 bxc4 47. Nxc4 Rd5 0-1

[Event "NY Presidents Day Schiller-C 2024"]
[Site "New York"]
[Date "2024.02.18"]
[Round "6.2"]
[White "Tang, Benjamin"]
[Black "Quesada Vera, Liordis"]
[Result "0-1"]
[ECO "C02"]
[WhiteElo "2167"]
[BlackElo "2337"]
[Annotator "ChessBase"]
[PlyCount "70"]
[EventDate "2024.02.14"]
[EventType "schev"]
[EventCountry "USA"]
[SourceTitle "playchess.com"]
[Source "ChessBase"]
[SourceQuality "1"]
[TimeControl "5400+30"]

1. e4 e6 2. d4 d5 3. e5 c5 4. c3 Qb6 5. Nf3 Bd7 6. Be2 cxd4 7. cxd4 Bb5 8. Nc3 Bxe2 9. Nxe2 Nc6 10. O-O Nge7 11. h4 h6 12. h5 g6 13. Rb1 gxh5 14. Ng3 h4 15. Nh5 O-O-O 16. Be3 Nf5 17. b4 Rg8 18. Kh2 Be7 19. Qd3 Rg4 20. Nf4 Kb8 21. a3 Bg5 22. Nxg5 Rxg5 23. Rg1 Ncxd4 24. a4 Nxe3 25. fxe3 Nc6 26. a5 Qc7 27. Rgc1 Qd7 28. Nh3 Rg3 29. Qc3 d4 30. Qc5 Qd5 31. Qxd5 Rxd5 32. exd4 Rxd4 33. Rc5 Rd2 34. Nf4 Rg5 35. a6 Nxe5 0-1

[Event "NY Presidents Day Schiller-C 2024"]
[Site "New York"]
[Date "2024.02.18"]
[Round "6.3"]
[White "Perez Avendano, Paul Omar"]
[Black "Meduri, Aakaash"]
[Result "1-0"]
[ECO "B23"]
[WhiteElo "2213"]
[BlackElo "1956"]
[Annotator "RC"]
[PlyCount "69"]
[EventDate "2024.02.14"]
[EventType "schev"]
[EventCountry "USA"]
[SourceTitle "playchess.com"]
[Source "ChessBase"]
[SourceQuality "1"]
[TimeControl "5400+30"]

1. e4 c5 2. Nc3 Nc6 3. Bb5 Nd4 4. Bc4 e6 5. d3 a6 6. a4 g6 7. Nge2 Bg7 8. O-O Ne7 9. Bg5 h6 10. Bh4 O-O 11. f4 f5 12. Kh1 Qe8 13. a5 Nec6 14. Nxd4 Nxd4 15. Na4 d6 16. Nb6 Rb8 17. c3 Nb5 18. exf5 d5 19. fxe6 dxc4 20. e7 Rf7 21. dxc4 Na7 22. Qd6 Bf5 23. Rfe1 Nc6 24. Rad1 Kh7 25. Qxb8 Qxb8 26. e8=Q Qxe8 27. Rxe8 Bg4 28. Rde1 Rxf4 29. Bg3 Rf7 30. Bd6 Rf2 31. h3 Bf5 32. R8e2 Rxe2 33. Rxe2 Nxa5 34. Bxc5 Nc6 35. Bd6 1-0

[Event "NY Presidents Day Schiller-C 2024"]
[Site "New York"]
[Date "2024.02.18"]
[Round "6.4"]
[White "Andrianov, Nikolai"]
[Black "Yoo, Eugene"]
[Result "1/2-1/2"]
[ECO "D02"]
[WhiteElo "2266"]
[BlackElo "2168"]
[Annotator "RC"]
[PlyCount "32"]
[EventDate "2024.02.14"]
[EventType "schev"]
[EventCountry "USA"]
[SourceTitle "playchess.com"]
[Source "ChessBase"]
[SourceQuality "1"]
[TimeControl "5400+30"]

1. Nf3 Nf6 2. c4 e6 3. b3 d5 4. Bb2 Bd6 5. g3 Nbd7 6. Bg2 b6 7. O-O Bb7 8. d4 O-O 9. Nc3 a6 10. Rc1 Rc8 11. e3 Re8 12. Re1 Qe7 13. Nh4 g6 14. e4 dxe4 15. Nxe4 Bxe4 16. Bxe4 Nxe4 1/2-1/2

[Event "NY Presidents Day Schiller-C 2024"]
[Site "New York"]
[Date "2024.02.18"]
[Round "6.5"]
[White "Plat, Vojtech"]
[Black "Liu, Kelsey"]
[Result "1-0"]
[ECO "B50"]
[WhiteElo "2516"]
[BlackElo "2004"]
[Annotator "TA"]
[PlyCount "79"]
[EventDate "2024.02.14"]
[EventType "schev"]
[EventCountry "USA"]
[SourceTitle "playchess.com"]
[Source "ChessBase"]
[SourceQuality "1"]
[TimeControl "5400+30"]

1. e4 c5 2. Nf3 d6 3. c3 Nf6 4. Be2 g6 5. O-O Bg7 6. Bb5+ Bd7 7. Bxd7+ Nbxd7 8. Re1 e5 9. d4 O-O 10. dxe5 dxe5 11. Na3 Qc7 12. Bg5 h6 13. Bxf6 {[%emt 0:00:23] The position is equal.} Nxf6 14. Nc4 Rfe8 15. Qd6 Qxd6 16. Nxd6 Re7 17. a4 Ne8 (17... Re6 $14 18. Nc4 (18. Nxb7 Rb6 $14) 18... b6) 18. Nc4 {[%emt 0:00:38] White has more active pieces.} Rd8 {[%emt 0:00:07] [#]} 19. Rad1 $1 Rxd1 20. Rxd1 f6 21. Rd8 {[%emt 0:01:01] Strongly threatening Nd6.} Kf7 22. a5 h5 23. Ne1 ({Better is} 23. Kf1) 23... Rc7 24. Ra8 a6 25. Kf1 Rd7 (25... Bf8 $1 $14) 26. Rb8 $36 {[%emt 0:00:39][%mdl 2048] Black must now prevent Nb6. White is on the roll.} Bf8 27. Ke2 (27. Nb6 $16 Rc7 28. Nd5) 27... Ng7 $2 {[%emt 0:07:19] This move loses the game for Black.} (27... Nd6 $14 28. Nb6 Rc7) 28. Nd3 $18 Rc7 29. f4 Be7 (29... Ne6 $142 30. fxe5 fxe5 31. Ndxe5+ (31. Ncxe5+ Kg7 $18) 31... Kf6) 30. fxe5 {[%emt 0:00:18] Threatens to win with Nf4. White is clearly winning.} f5 (30... g5 $142 31. exf6 Bxf6) 31. Nf4 fxe4 {[%emt 0:04:30] [#]} 32. e6+ $1 Nxe6 33. Nd5 g5 34. g3 h4 35. Ke3 hxg3 36. hxg3 (36. Kxe4 g2 (36... gxh2 37. Rh8 $14) 37. Ne5+ Kg7 $19) 36... g4 37. Nxc7 Nxc7 38. Rxb7 Nd5+ 39. Kxe4 Ke6 40. Ra7 {[%emt 0:00:10] Weighted Error Value: White=0.12 (very precise) /Black=0.41.  Loses game:     	---       	Black=1      Mistake:       	White=2     	Black=4      Inaccurate:     	White=1     	Black=2      OK:         	White=5     	Black=5      Best:        	White=2     	Black=1      Strong:       	White=1     	---} 1-0

[Event "NY Presidents Day Schiller-C 2024"]
[Site "New York"]
[Date "2024.02.18"]
[Round "6.6"]
[White "Martin Del Campo Cardenas, Roberto Abel"]
[Black "Gaw, Chloe"]
[Result "1/2-1/2"]
[ECO "B58"]
[WhiteElo "2205"]
[BlackElo "1928"]
[Annotator "RC"]
[PlyCount "162"]
[EventDate "2024.02.14"]
[EventType "schev"]
[EventCountry "USA"]
[SourceTitle "playchess.com"]
[Source "ChessBase"]
[SourceQuality "1"]
[TimeControl "5400+30"]

1. e4 c5 2. Nf3 d6 3. d4 cxd4 4. Nxd4 Nf6 5. Nc3 Nc6 6. Be2 e5 7. Nf3 Be7 8. Bg5 O-O 9. Bxf6 Bxf6 10. Nd5 Be6 11. Bc4 Rc8 12. Bb3 Ne7 13. Nxe7+ Qxe7 14. O-O Rfd8 15. Qd3 Rc5 16. Rfd1 a6 17. Ne1 g6 18. c3 b5 19. Nc2 Bc4 20. Bxc4 bxc4 21. Qe2 Qb7 22. Nb4 h5 23. Rd5 Rxd5 24. Nxd5 Bg5 25. g3 Rb8 26. Rb1 Qb5 27. b4 cxb3 28. Qxb5 Rxb5 29. axb3 f5 30. c4 Rb7 31. exf5 gxf5 32. b4 Kf7 33. Ra1 Bd2 34. Ra4 Rb8 35. Kf1 Rc8 36. Ra2 Bg5 37. h4 Bh6 38. Nb6 Rc7 39. Rxa6 f4 40. Ke2 fxg3 41. fxg3 Ke6 42. c5 Rc6 43. Kd3 dxc5 44. b5 Rd6+ 45. Kc4 Rd4+ 46. Kxc5 Bf8+ 47. Kc6 e4 48. Ra4 Rxa4 49. Nxa4 Bb4 50. b6 e3 51. b7 e2 52. b8=Q e1=Q 53. Qe8+ Kf6 54. Qh8+ Kg6 55. Qg8+ Kf5 56. Qg5+ Ke6 57. Qg6+ Ke7 58. Qxh5 Qxg3 59. Nb6 Qc3+ 60. Kb5 Qe1 61. Nd5+ Ke6 62. Nxb4 Qf1+ 63. Kb6 Qf2+ 64. Kb7 Qg2+ 65. Nc6 Qg7+ 66. Kb6 Qg1+ 67. Qc5 Qb1+ 68. Kc7 Qh7+ 69. Kc8 Qxh4 70. Nd4+ Kf7 71. Qd5+ Kg6 72. Qg8+ Kh5 73. Qf7+ Kg4 74. Qf3+ Kg5 75. Qf5+ Kh6 76. Ne6 Qc4+ 77. Nc7 Qg8+ 78. Kb7 Qb3+ 79. Nb5 Qb2 80. Kc6 Qg2+ 81. Kb6 Qg6+ 1/2-1/2